 Dungeon Crawl Stone Soup version 0.17.1-2-g5865329 (webtiles) character file.

717 kaze the Ducker (level 7, -2/70 HPs)
             Began as a Troll Berserker on Jan 20, 2016.
             Was a Believer of Trog.
             Slain by a wight
             ... wielding a cursed +0 great sword
              (15 damage)
             ... on level 6 of the Dungeon.
             The game lasted 00:16:48 (2967 turns).

kaze the Ducker (Troll Berserker)                   Turns: 2967, Time: 00:16:53

Health: -2/70      AC:  5    Str: 28    XL:     7   Next: 42%
Magic:  6/6        EV: 10    Int:  3    God:    Trog [**....]
Gold:   93         SH:  0    Dex:  9    Spells: 0 memorised, 6 levels left

rFire  . . .     SeeInvis .     r - +4 hand axe
rCold  . . .     Clarity  .     a - +0 animal skin
rNeg   . . .     SustAt   .     (no shield)
rPois  .         Gourm    +     (helmet restricted)
rElec  .         Spirit   .     (no cloak)
rCorr  .         Warding  .     (gloves unavailable)
rMut   .         Rnd*Tele +     (boots unavailable)
MR     ++...                    (no amulet)
Stlth  +.........               (no ring)
                                h - ring of teleportation (curse)

@: regenerating, drained, very resistant to hostile enchantments, very
unstealthy
A: unfitting armour, claws 3, fast metabolism 3, gourmand, regeneration 2,
shaggy fur 1, tough skin 2
a: Berserk, Trog's Hand, Burn Spellbooks, Renounce Religion, Evoke Teleportation


You were on level 6 of the Dungeon.
You worshipped Trog.
Trog was pleased with you.
You were full.

You visited 1 branch of the dungeon, and saw 6 of its levels.

You collected 93 gold pieces.

Inventory:

Hand Weapons
 e - a +1 vampiric trident
 q - a +3 hand axe
 r - a +4 hand axe (weapon)
Armour
 a - a +0 animal skin (worn)
Jewellery
 h - a cursed ring of teleportation (left claw)
 o - a +2 ring of strength
Scrolls
 m - a scroll of recharging
 n - a scroll of identify
Potions
 c - 2 potions of brilliance
 i - a potion of ambrosia {unknown}
 j - a potion of flight {unknown}
 k - a potion of curing {unknown}
 t - a potion of invisibility {unknown}
Comestibles
 b - 3 bread rations
 d - 3 meat rations
 f - a slice of pizza
 g - 10 fruits
 l - 3 chunks of flesh
 p - a beef jerky


   Skills:
 + Level 4.0(3.2) Fighting
 + Level 1.2(1.7) Axes
 * Level 3.3(2.7) Polearms
 + Level 4.8(3.9) Dodging
 - Level 0.1(0.0) Stealth
 - Level 3.4(2.6) Unarmed Combat


You had 6 spell levels left.
You didn't know any spells.

Dungeon Overview and Level Annotations

Branches:
Dungeon (6/15)
 Temple: D:4-7

Altars:
Cheibriados
Dithmenos
Okawaru
Xom


Innate Abilities, Weirdness & Mutations

You are too large for most types of armour.
You have claws for hands.
Your metabolism is lightning-fast.
You like to eat raw meat.
You heal very quickly.
You are covered in fur (AC +1).
You have very tough skin (AC +2).


Message History

You hit the wight.
The wight is moderately damaged.
You hit the wight.
The wight is severely damaged.
You slash the wight!
The wight is heavily damaged.
The wight hits you with a great sword!
You feel drained. The wight closely misses you.
The wight hits you with an enchanted great sword!
* * * LOW HITPOINT WARNING * * *
You feel drained.
* * * LOW HITPOINT WARNING * * *
You hit the wight.
You destroy the wight!
You hit the wight but do no damage.
The wight is heavily damaged.
You closely miss the wight.
The wight is moderately damaged.
The wight hits you with a great sword!
You die...

..............##
#.............#
......<..#.#...#
.........#.#...####...
##.#.....#.)..........
.........#[#.#.#####..
##>......#<#.#.#
#.....z).......#
......z@...#...#
#......[#.##...#
...............#
......#...###...+
###.#.#...# #.###
#.###.... ..# #
#...###.# ....#


You could see 2 wights.

Vanquished Creatures
  A phantom (D:5)
  A centaur (D:5)
  A giant frog (D:4)
  A water moccasin skeleton (D:6)
  3 wights (D:6)
  2 giant frog zombies
  A centaur skeleton (D:5)
  An orc wizard (D:5)
  Terence (D:2)
  3 worker ants
  A hound skeleton (D:4)
  A worker ant zombie (D:5)
  6 adders
  An ooze (D:4)
  2 worms
  4 giant geckos
  13 orcs
  2 ball pythons (D:2)
  6 giant cockroaches
  4 goblins
  3 hobgoblins
  3 bats
  A giant newt (D:4)
  4 jackals
  5 kobolds
  3 quokkas
  A quokka skeleton (D:4)
  A quokka zombie (D:5)
  7 rats (D:2)
83 creatures vanquished.

Notes
Turn   | Place    | Note
--------------------------------------------------------------
     0 | D:1      | kaze the Troll Berserker began the quest for the Orb.
     0 | D:1      | Reached XP level 1. HP: 22/22 MP: 0/0
   179 | D:2      | Reached XP level 2. HP: 29/29 MP: 1/1
   221 | D:2      | Found a shadowy altar of Dithmenos.
   274 | D:2      | Noticed Terence
   282 | D:2      | Killed Terence
   282 | D:2      | Reached XP level 3. HP: 22/36 MP: 2/2
   590 | D:2      | Reached ** piety under Trog
   708 | D:3      | Found an iron altar of Okawaru.
   771 | D:3      | Found a snail-covered altar of Cheibriados.
   780 | D:3      | Found a shimmering altar of Xom.
  1030 | D:3      | Reached XP level 4. HP: 40/45 MP: 3/3
  1557 | D:4      | Reached skill level 1 in Polearms
  1584 | D:4      | Reached XP level 5. HP: 38/53 MP: 4/4
  2018 | D:4      | Noticed a giant frog
  2027 | D:4      | Killed a giant frog
  2038 | D:4      | Reached XP level 6. HP: 25/61 MP: 5/5
  2188 | D:4      | Reached skill level 4 in Dodging
  2254 | D:5      | Entered Level 5 of the Dungeon
  2549 | D:5      | Reached *** piety under Trog
  2816 | D:5      | Reached XP level 7. HP: 42/68 MP: 6/6
  2913 | D:6      | Reached skill level 1 in Axes
  2967 | D:6      | Slain by a wight

Action                   |  1- 3 |  4- 6 |  7- 9 || total
-------------------------+-------+-------+-------++-------
Melee: Unarmed           |    29 |       |       ||    29
       Trident           |    67 |   109 |       ||   176
       Hand axe          |       |    64 |    35 ||    99
Invok: Trog's Hand       |       |     2 |     2 ||     4
  Use: Scroll            |     2 |     5 |       ||     7
  Eat: Chunk             |    17 |    15 |       ||    32
       Fruit             |       |     3 |       ||     3
